[Event "Early-Titled-Tuesday-Blitz-September-26-2023"]
[Site "Chess.com"]
[Date "2023.09.26"]
[Round "3"]
[White "LeoLV10"]
[Black "HajiyevKanan"]
[Result "0-1"]
[WhiteElo "2631"]
[BlackElo "2474"]
[TimeControl "180+1"]
[EndTime "8:28:47 PDT"]
[Termination "HajiyevKanan won by resignation"]

1. e4 c6 2. d4 d5 3. e5 a6 4. Bd3 c5 5. c3 Nc6 6. Nf3 Bg4 7. Be2 e6 8. O-O Qb6 9. dxc5 Bxc5 10.
b4 Bf8 11. Bf4 Nge7 12. Nbd2 Ng6 13. Bg3 Be7 14. h3 Bh5 15. a4 O-O 16. b5 axb5 17. axb5 Rxa1 18. Qxa1 Na5 19. Qb2 Rc8 20. Ra1 h6 21.
Qa2 Nc4 22. Nxc4 dxc4 23. Bxc4 Bxf3 24. gxf3 Qc5 25. Bxe6 Rf8 26. Bd5 h5 27. Be4 Nxe5 28.
Bf4 b6 29. Be3 Qd6 30. Qc2 Qf6 31. Rd1 Nxf3+ 32. Kg2 Nh4+ 33. Kf1 g6 34. c4 Rc8 35. Bd5 Kg7 36. Qe4 Bc5 37. Bxc5 Rxc5 38. Rd4 Nf5 39. Rd3 Nd6 40. Qd4 Qxd4 41. Rxd4 Nf5 42. Re4 Nd6 43.
Rd4 Nf5 44. Rd2 Kf6 45. Ke2 Nd6 46. Rd4 Ke5 47. Re4+ Nxe4 48. f4+ Kxf4 49. Bxf7 g5 50. Kd3 Nd6 51. Bxh5 Nxc4 52. Bf7 Ne5+ 53. Kd4 Nxf7 0-1

[Event "Early-Titled-Tuesday-Blitz-September-26-2023"]
[Site "Chess.com"]
[Date "2023.09.26"]
[Round "3"]
[White "LUISMIGUELOV"]
[Black "Chaos_Magic"]
[Result "0-1"]
[WhiteElo "2138"]
[BlackElo "2424"]
[TimeControl "180+1"]
[EndTime "8:28:47 PDT"]
[Termination "Chaos_Magic won on time"]

1. d4 Nf6 2. c3 d5 3. Bf4 Bf5 4. Nd2 c6 5. Qb3 Qb6 6. e3 e6 7. Ngf3 h6 8. Qxb6 axb6 9. Bxb8 Rxb8 10. a3 b5 11. Ne5 Bd6 12. f4 Nd7 13. Be2 Nb6 14.
Bd1 f6 15. Nef3 g5 16. g3 Kd7 17. Kf2 Rhf8 18. Rg1 Bh7 19. Bb3 e5 20. fxe5 fxe5 21. Ke2 exd4 22. Nxd4 Nc4 23. Bxc4 bxc4 24. Raf1 Bd3+ 25.
Ke1 Bxf1 26. Rxf1 Rxf1+ 27. Kxf1 Re8 28. Ke2 g4 29. Nf5 Bf8 30. a4 Re5 31. Nd4 h5 32. Nb1 Bh6 33. Nc2 Kc7 34. Nba3 Kb6 35. Nb1 Ka5 36.
Nd2 Kxa4 37. Kf2 Ka5 38. Ke2 Kb6 39. Nb1 Kc7 40. Nba3 b5 41. Nb1 Kb6 42. Nd2 c5 43. Nf1 Ka5 44. Nd2 b4 45. Nf1 Ka4 46. Nd2 b3 47.
Ne1 Rxe3+ 48. Kf2 Kb5 49. Nf1 Re6 50. Ng2 d4 51. cxd4 cxd4 52. Nf4 Bxf4 53. gxf4 c3 0-1

[Event "Early-Titled-Tuesday-Blitz-September-26-2023"]
[Site "Chess.com"]
[Date "2023.09.26"]
[Round "3"]
[White "JosefineHeinemann"]
[Black "JaloliddinIlkhomi"]
[Result "0-1"]
[WhiteElo "2579"]
[BlackElo "2757"]
[TimeControl "180+1"]
[EndTime "8:28:48 PDT"]
[Termination "JaloliddinIlkhomi won by resignation"]

1. e4 e6 2. d4 d5 3. e5 c5 4. c3 Qb6 5. Nf3 Bd7 6. Be2 cxd4 7. cxd4 Bb5 8. O-O Bxe2 9. Qxe2 Nc6 10. Be3 Nge7 11. Nc3 Nf5 12. Rfd1 Be7 13. Rac1 O-O 14. Na4 Qa5 15. b3 Rac8 16. Nc5 Ncxd4 17. Nxd4 Nxd4 18. Bxd4 Bxc5 19. Qc2 b6 20. Rd3 h6 21. Rc3 Rc7 22. Bxc5 bxc5 23. Rxc5 Rxc5 24. Qxc5 Qxa2 25. b4 Qb2 26.
Re1 Rb8 27. Qxa7 Qxb4 28. Rf1 Qb7 29. Qd4 Rc8 30. g3 Qc7 31. h4 Qc4 32. Qa1 Qc3 33.
Qxc3 Rxc3 34. Re1 Kf8 35. Kg2 Ke7 36. Ra1 Rc7 37. Ra6 f6 38. exf6+ gxf6 39. Kf3 e5 40.
Kg4 Rc2 41. f3 Rc3 42. Ra7+ Ke6 43. Ra6+ Kf7 44. h5 d4 45. Ra7+ Ke6 46. Ra6+ Kd5 47. Rxf6 d3 48. Rf8 Rc6 49. Rd8+ Rd6 50. Ra8 d2 51. Ra1 Kc4 52. Rd1 Kd3 53. f4 e4 54.
f5 e3 0-1

[Event "Early-Titled-Tuesday-Blitz-September-26-2023"]
[Site "Chess.com"]
[Date "2023.09.26"]
[Round "3"]
[White "Staudenhocker43"]
[Black "Iball95"]
[Result "0-1"]
[WhiteElo "2571"]
[BlackElo "2779"]
[TimeControl "180+1"]
[EndTime "8:28:49 PDT"]
[Termination "Iball95 won by resignation"]

1. d4 d5 2. c4 e6 3. Nc3 c5 4. e3 Nf6 5. Nf3 Nc6 6. a3 Ne4 7. cxd5 exd5 8. Bd3 Nxc3 9. bxc3 Be7 10. O-O O-O 11.
h3 Be6 12. Rb1 b6 13. Re1 Rc8 14. Bb2 Re8 15. Bb5 Rf8 16. Qa4 Qc7 17. Rbc1 Na5 18. Nd2 c4 19. e4 a6 20. Bxa6 Ra8 21. exd5 Bxd5 22. Qb5 Bc6 23. Qe5 Bd6 24. Qh5 Rxa6 25. d5 Bd7 26. Ne4 Raa8 27. Rcd1 Rae8 28. Bc1 Re5 29. Ng5 h6 30. Rxe5 Bxe5 31. Ne4 Re8 32. Kf1 Nb3 33. Be3 f5 34. Nd2 Nxd2+ 35. Bxd2 Qd6 36.
Re1 b5 37. Kg1 Re7 38. Be3 Qxd5 39. Rd1 Qf7 40. Qf3 Bxc3 41. Bc5 Re1+ 42. Rxe1 Bxe1 43.
Qa8+ Kh7 44. Qf3 Bd2 45. Qe2 c3 46. Bd4 Bc6 47. f3 f4 48. Qd3+ Qg6 49. Qe2 Bxf3 50.
Qxf3 c2 51. Bb2 Be3+ 52. Kh2 Qg3+ 53. Qxg3 fxg3+ 54. Kxg3 c1=Q 55. Bxc1 Bxc1 56. Kf3 Bxa3 57. Ke4 Kg6 0-1

[Event "Early-Titled-Tuesday-Blitz-September-26-2023"]
[Site "Chess.com"]
[Date "2023.09.26"]
[Round "3"]
[White "Mihajlovskij"]
[Black "Caroexpert"]
[Result "1-0"]
[WhiteElo "2289"]
[BlackElo "2450"]
[TimeControl "180+1"]
[EndTime "8:28:49 PDT"]
[Termination "Mihajlovskij won by checkmate"]

1. e4 c6 2. d4 d5 3. e5 Bf5 4. Be2 f6 5. g4 Be4 6. f3 Bg6 7. f4 Be4 8. Nf3 c5 9. dxc5 Nc6 10.
Rf1 e6 11. Nbd2 Bxc5 12. exf6 Nxf6 13. g5 Ng4 14. Nxe4 dxe4 15. Qxd8+ Rxd8 16. Nd2 Nxh2 17. Rh1 Nd4 18. Rxh2 Nxc2+ 19. Kf1 Nxa1 20. Nxe4 Bd4 21. b3 O-O 22. Bc4 Kh8 23. Bxe6 Be5 24. Ke2 Nc2 25.
fxe5 Nd4+ 26. Ke3 Rf3+ 27. Kd2 Nxe6+ 28. Kc2 Rc8+ 29. Kb2 Rf5 30. Nd6 Rxc1 31. Kxc1 Rf1+ 32. Kb2 Nxg5 33. Re2 Ne6 34. Nxb7 h5 35. b4 g5 36. Nc5 Nf4 37. e6 Ng6 38. e7 Nxe7 39. Rxe7 g4 40. Nd3 g3 41. Re2 h4 42. Re4 g2 43.
Rxh4+ Kg7 44. Rg4+ Kf6 45. Rxg2 Ke6 46. Kc3 Kd5 47.
Rg5+ Kc6 48. a4 Kb7 49. b5 Kb6 50. Rg6+ Ka5 51. Ra6# 1-0

[Event "Early-Titled-Tuesday-Blitz-September-26-2023"]
[Site "Chess.com"]
[Date "2023.09.26"]
[Round "3"]
[White "AleksandrAleksikov"]
[Black "maracayo"]
[Result "1-0"]
[WhiteElo "2224"]
[BlackElo "2369"]
[TimeControl "180+1"]
[EndTime "8:28:50 PDT"]
[Termination "AleksandrAleksikov won by checkmate"]

1. e4 d6 2. Nf3 Nf6 3. Nc3 c6 4. d4 Qa5 5. Bd3 e5 6. O-O Be7 7. h3 O-O 8. Be3 Nbd7 9. a3 Re8 10. b4 Qc7 11. Re1 h6 12. Qd2 Bf8 13. Nh4 a6 14. dxe5 dxe5 15. Bc4 b5 16. Ba2 Bb7 17. Ng6 c5 18. Nxf8 Rxf8 19. Nd5 Bxd5 20. Bxd5 Rad8 21. c4 bxc4 22. Bxc4 Nb6 23. Qe2 cxb4 24. Bxa6 bxa3 25. Rxa3 Rd6 26. Bb5 Rb8 27. Rc1 Qd8 28. Qf3 Nbd7 29. Bc4 Nf8 30. Qg3 N6d7 31. Rac3 Rg6 32. Qf3 Rf6 33. Qg3 Qa5 34. Bd5 Re8 35. Kh2 Kh7 36. h4 Ne6 37. Qg4 Ndf8 38. g3 Rg6 39.
Qf5 Kg8 40. Qh3 Rf6 41. Qg4 Qb4 42. h5 Qe7 43. Kg2 Nf4+ 44. gxf4 exf4 45. Bd4 Rd6 46. Qxg7# 1-0

[Event "Early-Titled-Tuesday-Blitz-September-26-2023"]
[Site "Chess.com"]
[Date "2023.09.26"]
[Round "3"]
[White "Aradhya2000"]
[Black "Likvidator228"]
[Result "1-0"]
[WhiteElo "2707"]
[BlackElo "2541"]
[TimeControl "180+1"]
[EndTime "8:28:51 PDT"]
[Termination "Aradhya2000 won by resignation"]

1. d4 d5 2. c4 e6 3. Nc3 c6 4. e3 Nf6 5. Nf3 Nbd7 6. Qc2 Be7 7. b3 O-O 8. Bd3 b6 9. O-O Bb7 10. Bb2 c5 11. cxd5 exd5 12. Rad1 Rc8 13. Qe2 h6 14. Ne5 Re8 15. Bf5 cxd4 16. Nxd7 Nxd7 17. Rxd4 Bf6 18. Rxd5 Bxd5 19. Nxd5 Bxb2 20. Qxb2 Rc5 21. Rd1 Nf6 22. Nxf6+ Qxf6 23. Qxf6 gxf6 24. g4 Re7 25.
Kg2 Kg7 26. Kf3 Rec7 27. Rd4 Rc1 28. Rd8 Ra1 29. a4 Ra3 30. Rd3 Ra2 31. Rd4 Rb2 32. b4 Ra2 33. b5 Rc1 34. Kg2 Rc7 35. Be4 Kf8 36. Bc6 a5 37. bxa6 Rxc6 38. Rd8+ Ke7 39. a7 Rxa4 40. a8=Q Rxa8 41. Rxa8 b5 42. Ra7+ Kd6 43.
Rxf7 Ke6 44. Rb7 Rc5 45. Kf3 h5 46. h3 hxg4+ 47. hxg4 Rd5 48. Rb6+ Kf7 49. Kf4 Kg6 50. e4 Rc5 51. Rb7 Re5 52. f3 Rc5 53. Rd7 b4 54.
Rb7 Rc4 55. Rb6 Kf7 56. g5 fxg5+ 57. Kxg5 Rc3 58. f4 b3 59. e5 Ke7 60. Kf5 Kd7 61. e6+ Kc7 62. Rb4 Kd6 63. Kf6 Rf3 64. f5 Kc5 65. Rb8 Rf4 66. e7 Re4 67. e8=Q 1-0

[Event "Early-Titled-Tuesday-Blitz-September-26-2023"]
[Site "Chess.com"]
[Date "2023.09.26"]
[Round "3"]
[White "Barmen_EV"]
[Black "Alphafischer2019"]
[Result "1-0"]
[WhiteElo "2458"]
[BlackElo "2620"]
[TimeControl "180+1"]
[EndTime "8:28:51 PDT"]
[Termination "Barmen_EV won by checkmate"]

1. e4 Nf6 2. Nc3 d6 3. d4 g6 4. Nf3 Bg7 5. Bc4 O-O 6. Qe2 c6 7. a4 d5 8. Bb3 dxe4 9. Nxe4 Bg4 10. c3 Nbd7 11. Nxf6+ Nxf6 12. O-O e6 13. h3 Bxf3 14. Qxf3 Qd7 15. Bf4 Nd5 16. Rfe1 Nxf4 17. Qxf4 Rac8 18. Rad1 Qc7 19. Qf3 Qb6 20. Bc4 a5 21. Re2 Rcd8 22.
Rde1 h5 23. g4 hxg4 24. hxg4 Bh6 25. Kg2 Kg7 26. Qg3 Bg5 27. f4 Bf6 28. g5 Be7 29.
Bxe6 fxe6 30. Rxe6 Bd6 31. Qd3 Rf5 32. Rxg6+ Kxg6 33.
Re6+ Kg7 34. Qxf5 Qxb2+ 35. Kh3 Qxc3+ 36. Kg4 Qxd4 37. Qg6+ Kh8 38. Qh6+ Kg8 39. Rg6+ Kf7 40. Qh7+ Ke8 41. Re6+ Kf8 42. Rf6+ Qxf6 43. gxf6 Bc5 44. Qg7+ Ke8 45. f7+ Kd7 46. f8=Q+ Kc8 47. Qxc5 Rd7 48. Qg8+ Kc7 49. Qe5+ Kb6 50. Qb3+ Ka6 51. Qe2+ Ka7 52.
Qc3 Rd5 53. Qe4 Rd1 54. Qxa5+ Kb8 55. Qe8+ Rd8 56. Qexd8# 1-0

[Event "Early-Titled-Tuesday-Blitz-September-26-2023"]
[Site "Chess.com"]
[Date "2023.09.26"]
[Round "3"]
[White "djano"]
[Black "stasOR4ik"]
[Result "1-0"]
[WhiteElo "2638"]
[BlackElo "2444"]
[TimeControl "180+1"]
[EndTime "8:28:52 PDT"]
[Termination "djano won by checkmate"]

1. d4 d5 2. Bf4 Nf6 3. e3 c5 4. c3 Nc6 5. Nd2 e6 6. Ngf3 Bd6 7. Bg3 O-O 8. Bd3 Re8 9. dxc5 Bxc5 10. e4 e5 11. Qe2 d4 12. cxd4 Nxd4 13. Nxd4 Bxd4 14. Nf3 Qa5+ 15. Qd2 Qxd2+ 16. Kxd2 Bxb2 17. Rab1 Bd4 18. Nxd4 exd4 19. f3 b6 20. Rb4 Rd8 21.
Be5 Be6 22. Ra1 Kf8 23. Rxd4 Rxd4 24. Bxd4 Rd8 25. Ke3 Rc8 26. a4 Nd7 27. a5 Bc4 28. Rc1 Ba6 29. Rxc8+ Bxc8 30. Bb5 f6 31. f4 Ke7 32. h3 Bb7 33. g4 Kd6 34. axb6 axb6 35. Bc3 Nc5 36. e5+ fxe5 37. Bxe5+ Ke7 38. Bxg7 Ne6 39.
Be5 Bg2 40. f5 Bxh3 41. Kf3 h5 42. f6+ Kf7 43. gxh5 Bf5 44. Kg3 Be4 45. Kh4 Bf5 46.
Bc6 Bd3 47. Bd5 b5 48. Bc3 Bc4 49. Be4 Nc5 50. Bg6+ Kf8 51. h6 Ne6 52. h7 Nf4 53. h8=Q+ Bg8 54. Qg7# 1-0

[Event "Early-Titled-Tuesday-Blitz-September-26-2023"]
[Site "Chess.com"]
[Date "2023.09.26"]
[Round "3"]
[White "Ariadna_Atreides"]
[Black "Der_Balak_3Halak"]
[Result "0-1"]
[WhiteElo "2197"]
[BlackElo "2382"]
[TimeControl "180+1"]
[EndTime "8:28:53 PDT"]
[Termination "Der_Balak_3Halak won on time"]

1. d4 g6 2. Nf3 d5 3. Nbd2 Bg7 4. e3 Bf5 5. Bd3 Bxd3 6. cxd3 Nd7 7. O-O c6 8. a4 a5 9. e4 dxe4 10. dxe4 e5 11. dxe5 Nxe5 12. Nxe5 Bxe5 13. Nc4 Bc7 14. e5 Qxd1 15. Rxd1 Ne7 16. Nd6+ Bxd6 17. exd6 Nf5 18. d7+ Ke7 19. g4 Ng7 20. Bg5+ f6 21. Re1+ Ne6 22.
Bh4 g5 23. Bg3 Kxd7 24. Rad1+ Ke7 25. Rd6 Rad8 26. Rdxe6+ Kf7 27. Re7+ Kg6 28. Rxb7 h5 29. gxh5+ Kxh5 30. Bc7 Rd7 31. Ra7 Kg4 32. Bb6 Rd3 33. Rxa5 Rdh3 34. Bc7 f5 35. Rc5 f4 36. Rc3 Rxh2 37. Kf1 Rh1+ 38. Ke2 Re8+ 39. Re3 Rxe1+ 40. Kxe1 fxe3 41. fxe3 Rxe3+ 42. Kd2 Re7 43. Bb6 Kf3 44. a5 g4 45. a6 Re2+ 46. Kc3 Re1 47. b4 Re8 48. a7 g3 49. Kb3 g2 50. Ka4 Ke4 51.
Ka5 Kd5 52. Ka6 Kc4 53. Kb7 Kb5 54. Kc7 Ra8 55. Kb7 Rg8 56. Bc5 g1=Q 0-1

[Event "Early-Titled-Tuesday-Blitz-September-26-2023"]
[Site "Chess.com"]
[Date "2023.09.26"]
[Round "3"]
[White "vugarrasulov"]
[Black "Arek_pacitan"]
[Result "1-0"]
[WhiteElo "2939"]
[BlackElo "2676"]
[TimeControl "180+1"]
[EndTime "8:28:54 PDT"]
[Termination "vugarrasulov won by resignation"]

1. d4 Nf6 2. c4 e6 3. Nc3 d5 4.
cxd5 exd5 5. Bg5 c6 6. e3 Be7 7. Bd3 O-O 8. Qc2 Nbd7 9. Nge2 Re8 10. Bh4 Nf8 11. f3 Bd6 12. Bf2 Qc7 13. O-O-O b5 14.
Kb1 b4 15. Na4 Be6 16. g4 Qa5 17. Rc1 Rec8 18. Nf4 N6d7 19. Nxe6 fxe6 20. Bg3 Be7 21. Nc5 Nxc5 22. dxc5 Qd8 23. h4 a5 24. g5 a4 25. Qd2 Qa5 26. e4 b3 27. Qxa5 bxa2+ 28. Kxa2 Rxa5 29. exd5 cxd5 30. c6 a3 31. b3 Ng6 32.
Rhe1 Kf7 33. h5 Nf8 34. f4 g6 35. hxg6+ hxg6 36. Bf2 Bd6 37. Bb6 Raa8 38. Rc2 Rab8 39.
Ba5 Ra8 40. b4 Bxf4 41. Rf2 Rxc6 42. Rxf4+ Kg7 43. Ref1 Rc3 44. Rf7+ Kg8 45. Bb5 e5 46. R1f3 Rxf3 47. Rxf3 Ne6 48. Rf6 Nd4 49. Rxg6+ Kh7 50. Rh6+ Kg7 51. Bc6 Rf8 52. Bxd5 Rf2+ 53. Kxa3 Nc2+ 54. Ka4 Ne3 55. Bb3 Rb2 56. Bc7 Nf5 57.
Bxe5+ Kf8 58. Rf6+ 1-0

[Event "Early-Titled-Tuesday-Blitz-September-26-2023"]
[Site "Chess.com"]
[Date "2023.09.26"]
[Round "3"]
[White "cukin84"]
[Black "kroppar"]
[Result "1/2-1/2"]
[WhiteElo "2222"]
[BlackElo "2393"]
[TimeControl "180+1"]
[EndTime "8:28:54 PDT"]
[Termination "Game drawn by agreement"]

1. e4 c5 2. Nc3 Nc6 3. Bb5 g6 4. Bxc6 dxc6 5. d3 Bg7 6. f4 b6 7. Nf3 Nf6 8. O-O O-O 9. h3 c4 10. d4 b5 11. a3 a5 12. Be3 Bb7 13. Kh1 b4 14. axb4 axb4 15. Rxa8 Qxa8 16. e5 bxc3 17. exf6 exf6 18. bxc3 Re8 19. Bg1 Bh6 20. f5 Qa3 21.
Re1 Ra8 22. fxg6 hxg6 23. Be3 Bf8 24. Bd2 Qd6 25. Qe2 Qg3 26. Rb1 Bc8 27. Be1 Qf4 28.
Bd2 Qf5 29. Be3 Be6 30. Bf2 Bd5 31. Bg3 Ra2 32. Rb8 Bxf3 33. Qxf3 Qxf3 34. gxf3 Kg7 35. Rc8 Rxc2 36. Rxc6 Rxc3 37. Bh4 Rxf3 38. Kg2 Rf4 39. Bf2 Rf5 40. Rxc4 Rd5 41. Kf3 f5 42. Bg3 Be7 43. Be5+ Bf6 44. Bxf6+ Kxf6 45. h4 Ra5 46. Kf4 Ra1 47. Rc6+ Ke7 48. h5 Rf1+ 49. Ke5 Re1+ 50. Kd5 gxh5 51. Rh6 f4 52. Rxh5 f3 53. Rf5 Re3 54.
Kc5 f6 55. d5 Kf7 56. Kd4 Re1 57. Rxf3 Rd1+ 58. Kc5 Ke7 59. Kc6 Rc1+ 60. Kb5 Kd6 61. Rxf6+ Kxd5 1/2-1/2

[Event "Early-Titled-Tuesday-Blitz-September-26-2023"]
[Site "Chess.com"]
[Date "2023.09.26"]
[Round "3"]
[White "FontVella8"]
[Black "whitemirrorninja"]
[Result "1-0"]
[WhiteElo "2714"]
[BlackElo "2477"]
[TimeControl "180+1"]
[EndTime "8:28:56 PDT"]
[Termination "FontVella8 won by checkmate"]

1. e4 c5 2. Nf3 e6 3. d4 cxd4 4. Nxd4 Nc6 5. Nc3 a6 6. Be3 Nge7 7. f4 b5 8. Bd3 Nxd4 9. Bxd4 Nc6 10. Be3 Bb7 11. O-O Rc8 12. Qf3 Nb4 13. Rad1 Bc5 14. Bxc5 Rxc5 15. a3 Nxd3 16. Qxd3 O-O 17. Qd6 Rc7 18.
f5 Bc6 19. Rd3 Rb7 20. Rg3 Qc7 21. Qd2 Qe5 22. f6 Bxe4 23. Rxg7+ Kh8 24. Nxe4 Qxe4 25.
Qh6 Rbb8 26. h3 Rg8 27. Rf4 Qxc2 28. Kh2 Qg6 29. Rxg6 Rxg6 30. Qh5 Rbg8 31. Rf2 d5 32. Qe5 Rd8 33. Rf4 h6 34. g4 Kh7 35. Kg3 Rc8 36. Qd6 Rgg8 37. Qd7 Rgf8 38. h4 Rcd8 39. Qa7 d4 40. Rxd4 Rc8 41. Rd7 Kg6 42. h5+ Kxf6 43. Qd4+ e5 44. Qd6+ Kg7 45. Qg6+ Kh8 46. Qxh6+ Kg8 47.
Qg5+ Kh7 48. Qf5+ Kh6 49. g5+ Kg7 50. h6+ Kg8 51. Qf6 Rc3+ 52. bxc3 Kh7 53. Qg7# 1-0

[Event "Early-Titled-Tuesday-Blitz-September-26-2023"]
[Site "Chess.com"]
[Date "2023.09.26"]
[Round "3"]
[White "Gyulamiryan-koryun"]
[Black "Barbix1"]
[Result "0-1"]
[WhiteElo "1986"]
[BlackElo "2337"]
[TimeControl "180+1"]
[EndTime "8:28:56 PDT"]
[Termination "Barbix1 won on time"]

1. e4 c5 2. Nf3 g6 3. c3 d5 4.
exd5 Qxd5 5. h3 Nc6 6. Na3 Bg7 7. Bc4 Qd8 8. Qb3 e6 9. Bb5 Ne7 10. O-O O-O 11. Bxc6 Nxc6 12. Qc4 Qd5 13. b3 a6 14.
Nc2 b5 15. Qxd5 exd5 16. d4 Bf5 17. Ne3 cxd4 18. Nxf5 gxf5 19. cxd4 Nxd4 20. Nxd4 Bxd4 21. Rb1 Rfd8 22. Bg5 Rd7 23. Rfd1 Ba7 24. Rbc1 Re8 25. Rd3 Re2 26. Be3 Bxe3 27. fxe3 Rxa2 28. Rf1 Rb2 29.
Rxf5 Kf8 30. Rf6 a5 31. Rb6 b4 32. Ra6 Ra2 33. Kh2 Ra3 34. Kg3 Ke7 35. Kf4 Rd6 36. Ra7+ Ke6 37. Ra8 Rb6 38. Re8+ Kd7 39. Rh8 a4 40. Rxd5+ Kc6 41. Rd4 axb3 42. Rxh7 b2 43.
Rd1 Ra1 44. Rxf7 Rxd1 45. Rf6+ Kb5 46. Rf5+ Ka6 47. h4 b1=Q 48. h5 Rf1+ 0-1

[Event "Early-Titled-Tuesday-Blitz-September-26-2023"]
[Site "Chess.com"]
[Date "2023.09.26"]
[Round "3"]
[White "Mikhail_Golubev"]
[Black "salomez"]
[Result "1-0"]
[WhiteElo "2589"]
[BlackElo "2313"]
[TimeControl "180+1"]
[EndTime "8:28:57 PDT"]
[Termination "Mikhail_Golubev won on time"]

1. e4 c5 2. Nf3 e6 3. d4 cxd4 4. Nxd4 Nf6 5. Nc3 Nc6 6. a3 Be7 7. Nxc6 bxc6 8. e5 Nd5 9. Qg4 Kf8 10. Qg3 Nxc3 11. Qxc3 f6 12. Bd3 fxe5 13. Qxe5 Bf6 14. Qg3 Qa5+ 15. Bd2 Qe5+ 16. Qxe5 Bxe5 17. O-O-O Rb8 18.
Bb4+ Kf7 19. c3 d6 20. Kc2 c5 21. f4 Bf6 22. Ba5 Bd7 23. Bc7 Ba4+ 24. Kc1 Rbc8 25. Bxd6 Bxd1 26. Rxd1 c4 27. Be4 Rhd8 28. Bb7 Be7 29.
Bxc8 Bxd6 30. Kc2 Ke7 31. Bb7 Bxf4 32. Rxd8 Kxd8 33. g3 Bc7 34. Bf3 Ke7 35. Be2 Kd6 36.
Bxc4 e5 37. Kd3 a5 38. Ke4 Kc5 39. Bg8 h6 40. b4+ axb4 41. axb4+ Kd6 42. Bb3 Kc6 43. c4 Bb8 44. Ba4+ Kd6 45. c5+ Ke6 46. Bb3+ Kd7 47. b5 Kc7 48. Kd5 Kd7 49. Bc2 Kc7 50. Be4 Kd7 51.
b6 Kc8 52. c6 1-0

[Event "Early-Titled-Tuesday-Blitz-September-26-2023"]
[Site "Chess.com"]
[Date "2023.09.26"]
[Round "3"]
[White "GMaka"]
[Black "koncheto"]
[Result "1-0"]
[WhiteElo "2374"]
[BlackElo "2550"]
[TimeControl "180+1"]
[EndTime "8:28:57 PDT"]
[Termination "GMaka won by resignation"]

1. b3 d5 2. Bb2 Bg4 3. f3 Bh5 4. d4 Nf6 5. c4 e6 6. Nc3 dxc4 7.
bxc4 c5 8. d5 exd5 9. cxd5 Bd6 10.
e4 O-O 11. Bc4 Re8 12. Qb3 Nbd7 13. Nge2 a6 14. a4 Ne5 15. O-O Qa5 16. Ng3 Bg6 17. f4 Nxc4 18. Qxc4 Qb4 19. Qxb4 cxb4 20. Nce2 Bxe4 21.
Bxf6 gxf6 22. Nxe4 Rxe4 23. Ng3 Rxf4 24. Nf5 Rxf1+ 25.
Kxf1 Be5 26. Rb1 a5 27. Ke2 Kf8 28. d6 Rd8 29. Rd1 Ke8 30. Rd3 Kd7 31. Kd1 Kc6 32. Ne7+ Kc5 33. d7 Bd6 34. Rd5+ Kb6 35. Rxd6+ Kc7 36.
Nf5 Rxd7 37. Rxd7+ Kxd7 38. Kc2 Kc6 39. Nd4+ Kd5 40.
Nb3 b6 41. Kd3 f5 42. g3 h6 43. Nd4 Ke5 44. Ke3 f6 45. h3 h5 46. h4 Kd5 47.
Kd3 Ke5 48. Nf3+ Kd5 49. Ng1 Ke5 50. Ne2 Kd5 51. Nf4+ Ke5 52. Nxh5 Ke6 53. Nf4+ Ke5 54. h5 Kd6 55. h6 1-0

[Event "Early-Titled-Tuesday-Blitz-September-26-2023"]
[Site "Chess.com"]
[Date "2023.09.26"]
[Round "3"]
[White "GG91"]
[Black "ViktoriyaTarasova"]
[Result "0-1"]
[WhiteElo "2178"]
[BlackElo "2407"]
[TimeControl "180+1"]
[EndTime "8:28:57 PDT"]
[Termination "ViktoriyaTarasova won on time"]

1. e4 e5 2. Nf3 Nc6 3. c3 Nf6 4. d4 d5 5. dxe5 Nxe4 6. Bd3 Bc5 7. O-O O-O 8. b4 Bb6 9. b5 Ne7 10. Bxe4 dxe4 11. Qxd8 Rxd8 12. Bg5 exf3 13. Bxe7 Re8 14.
Bb4 fxg2 15. Re1 Bd7 16. a4 a5 17. Ba3 f6 18. Nd2 fxe5 19. Nc4 Ba7 20. Nxe5 Bh3 21.
Nd3 Kf7 22. Nf4 Bf5 23. Kxg2 Rxe1 24. Rxe1 Re8 25. Rxe8 Kxe8 26. Kf3 Bc2 27. Nd5 Kd7 28. c4 Bd4 29. c5 Bxa4 30. b6 Bc6 31. Ke4 Bxf2 32. bxc7 Bxd5+ 33. Kxd5 Kxc7 34. Bb2 g6 35. Kc4 Kc6 36. Bc3 a4 37. Kb4 Bxc5+ 38. Kxa4 Bg1 39. h3 h5 40. Bf6 b5+ 41. Kb3 Bc5 42. Bg5 Kd5 43.
Bf6 Ke4 44. Bg5 Kf3 45. Kc3 Kg3 46. h4 Kg4 47. Kb3 Bf2 48. Kb4 Bxh4 49. Be3 Bg3 50. Kxb5 h4 51. Kc4 h3 52. Bg1 Kf3 53. Kd5 Kg2 0-1

[Event "Early-Titled-Tuesday-Blitz-September-26-2023"]
[Site "Chess.com"]
[Date "2023.09.26"]
[Round "3"]
[White "KorolDimitriy75"]
[Black "jens1102"]
[Result "1/2-1/2"]
[WhiteElo "2382"]
[BlackElo "2617"]
[TimeControl "180+1"]
[EndTime "8:28:58 PDT"]
[Termination "Game drawn by stalemate"]

1. d4 Nf6 2. c4 e6 3. Nc3 d5 4. cxd5 Nxd5 5. e4 Nxc3 6. bxc3 c5 7. Nf3 cxd4 8. cxd4 Bb4+ 9. Bd2 Bxd2+ 10. Qxd2 O-O 11.
Bc4 Nd7 12. O-O b6 13. Rad1 Bb7 14. Rfe1 Rc8 15. Bd3 Nf6 16. h3 h6 17. Bb1 Qc7 18. Ne5 Rfd8 19. Qf4 Qe7 20. Re3 Nd7 21. Ng4 Qg5 22.
Qf3 Nf6 23. Nxf6+ Qxf6 24. Qg3 Rxd4 25. Rde1 Rdc4 26. Kh2 Qg5 27. Qf3 Rc1 28. Bd3 Qe5+ 29. g3 Rxe1 30. Rxe1 Rc3 31. Re3 Qd4 32. h4 e5 33. Kg2 Rxd3 34. Rxd3 Bxe4 35. Rxd4 Bxf3+ 36. Kxf3 exd4 37. Ke4 Kf8 38. Kxd4 Ke7 39. Kd5 Kd7 40. g4 a6 41. f4 Kc7 42. h5 f6 43. Ke6 b5 44.
Kf7 b4 45. Kxg7 a5 46. g5 fxg5 47. fxg5 a4 48. gxh6 b3 49. axb3 a3 50. h7 a2 51.
h8=Q a1=Q+ 52. Kg8 Qa8+ 53. Kh7 Qe4+ 54. Kh6 Qe3+ 55.
Kg6 Qd3+ 56. Kh6 Qe3+ 57. Kh7 Qe4+ 58. Kh6 Qf4+ 59. Kg6 Qg4+ 60. Kh6 Qf4+ 61. Kg6 Qg3+ 62. Kh7 Qd3+ 63. Kg8 Qxb3+ 64. Kh7 Qd3+ 65. Kh6 Qe3+ 66. Kh7 Qe4+ 67. Kh6 Qf4+ 68. Kh7 Qf5+ 69. Kh6 Qe6+ 70.
Kh7 Qe4+ 71. Kh6 Qe3+ 72. Kh7 Qd3+ 73. Kh6 Qd2+ 74. Kh7 Qc2+ 75. Kh6 Qc1+ 76. Kh7 Qh1 77. Qg7+ Kd8 78. Qf6+ Ke8 79. h6 Qh3 80. Kh8 Qh5 81.
h7 Qf7 82. Qxf7+ Kxf7 1/2-1/2

[Event "Early-Titled-Tuesday-Blitz-September-26-2023"]
[Site "Chess.com"]
[Date "2023.09.26"]
[Round "3"]
[White "Flaccidmoves"]
[Black "luizzy"]
[Result "1-0"]
[WhiteElo "2461"]
[BlackElo "2627"]
[TimeControl "180+1"]
[EndTime "8:28:59 PDT"]
[Termination "Flaccidmoves won by checkmate"]

1. c4 Nf6 2. Nc3 e5 3. Nf3 Nc6 4. e3 Bb4 5. Nd5 Be7 6. Nxe7 Qxe7 7. d3 O-O 8. a3 d6 9. Be2 a5 10. b3 d5 11. cxd5 Nxd5 12. Bb2 f6 13. O-O Be6 14. Rc1 Rfd8 15. Qc2 Rd7 16. Rfe1 a4 17. b4 Nb6 18. d4 Bb3 19. Qb1 Bd5 20. dxe5 Nxe5 21. Nxe5 fxe5 22. Qf5 Re8 23. Red1 c6 24. b5 c5 25. Bc3 Bb3 26. Rxd7 Nxd7 27. Bg4 Nf6 28. Bf3 b6 29. h4 e4 30. Be2 Rd8 31. h5 Qe6 32. Qg5 Rd5 33.
Qg3 Ne8 34. h6 g6 35. Bg4 Qf7 36. Qb8 Qe7 37. Qxb6 Rg5 38. Bh3 Rh5 39. Qc6 Bf7 40.
b6 Nd6 41. Qc7 Qe8 42. b7 Nxb7 43. Qxb7 g5 44. Qc8 Qxc8 45. Bxc8 Rxh6 46. Bf5 Bd5 47. g4 Bc6 48. Be5 Be8 49. Rxc5 Bf7 50. Rc8+ Be8 51.
Rxe8+ Kf7 52. Rc8 Rb6 53. Rc7+ Ke8 54. Kg2 Rb3 55. Bd6 h5 56. Be6 Rb1 57. Rc8# 1-0

[Event "Early-Titled-Tuesday-Blitz-September-26-2023"]
[Site "Chess.com"]
[Date "2023.09.26"]
[Round "3"]
[White "Makswolf200817"]
[Black "SHIVACalypso"]
[Result "1-0"]
[WhiteElo "2750"]
[BlackElo "2497"]
[TimeControl "180+1"]
[EndTime "8:29:00 PDT"]
[Termination "Makswolf200817 won by resignation"]

1. d4 Nf6 2. c4 e6 3. g3 Bb4+ 4. Bd2 a5 5. Bg2 O-O 6. e4 d5 7. cxd5 exd5 8. e5 Ne4 9. Bxb4 axb4 10. Ne2 b6 11. O-O Ba6 12. Re1 c5 13. Nf4 Ra7 14.
dxc5 bxc5 15. Qxd5 Qxd5 16. Nxd5 Ng5 17. Nd2 Rd8 18.
Nb3 Bc4 19. Red1 Rad7 20. Ne3 Rxd1+ 21. Rxd1 Rxd1+ 22. Nxd1 Nd7 23. f4 Ne6 24. Nc1 Nd4 25. Kf2 f6 26. Ne3 Bf7 27. Bh3 Nb6 28. exf6 gxf6 29.
Nd3 Bxa2 30. Nxc5 Kf7 31. Bf1 Ke7 32. Bd3 Kd6 33. Ne4+ Ke6 34. g4 Nd5 35. Nxd5 Bxd5 36. Nd2 h6 37. Ke3 Nc6 38. Bb5 Na7 39. Ba4 Nc8 40.
Ne4 Nb6 41. Bb5 Bc4 42. Bc6 Bd5 43. Bxd5+ Nxd5+ 44. Kf3 b3 45. Nd2 Nb4 46. Nxb3 Nd3 47. Nd4+ Kd5 48. Nf5 h5 49. gxh5 Ke6 50. h6 Kf7 51. h7 1-0